 Dungeon Crawl Stone Soup version 0.30-a0-557-ge2afbf3030 (webtiles) character file.

Game seed: 16454593473445833561

25249 jfcaron the Cleaver (level 12, -53/95 HPs)
             Began as a Demonspawn Monk on Dec 28, 2022.
             Was a Priest of Qazlal.
             Annihilated by Urug
             ... wielding a +2 great mace
              (82 damage)
             ... on level 3 of the Lair of Beasts.
             The game lasted 00:34:24 (13722 turns).

jfcaron the Cleaver (Demonspawn Monk)              Turns: 13722, Time: 00:34:25

Health: -53/95     AC: 21    Str: 17    XL:     12   Next: 87%
Magic:  13/18      EV:  2    Int: 15    God:    Qazlal [***...]
Gold:   510        SH:  0    Dex: 15    Spells: 11/11 levels left

rFire   + . .      SeeInvis .    J - +1 war axe
rCold   . . .      Faith    .    M - +0 buckler
rNeg    . . .      Spirit   .    Z - +3 scale mail of the Hidden Vale {rF+}
rPois   .          Reflect  .    X - +2 hat {Int+3}
rElec   .          Harm     .    A - scarf {shadows}
rCorr   .          Rampage  .    f - +1 pair of gloves
Will    .....                    k - +0 pair of boots {Stlth+}
Stlth   +                        s - amulet of regeneration
HPRegen 1.15/turn                P - +4 ring of protection
MPRegen 0.32/turn                E - +4 ring of slaying

@: mighty, sleeping
A: hooves 2, large bone plates 2, spiny 2, magic regeneration
a: Renounce Religion, Upheaval, Elemental Force


You were on level 3 of the Lair of Beasts.
You worshipped Qazlal.
Qazlal was most pleased with you.
You visited 3 branches of the dungeon, and saw 15 of its levels.

You collected 1292 gold pieces.
You spent 782 gold pieces at shops.

Inventory:

Hand Weapons
 a - a +0 hand axe of flaming
 n - a +3 morningstar of protection
   (You acquired it on level 2 of the Dungeon)
 J - a +1 war axe (weapon)
Missiles
 e - 12 stones
 q - 6 boomerangs (quivered)
 x - 24 poisoned darts
 F - 6 curare-tipped darts {!f}
 K - 5 silver javelins {!f}
 L - 9 throwing nets {!f}
 V - 5 javelins
Armour
 f - a +1 pair of gloves (worn)
 k - a +0 pair of boots of stealth (worn)
   (You found it on level 4 of the Dungeon)
 A - a scarf of shadows (worn)
   (You found it on level 2 of the Lair of Beasts)
 M - a +0 buckler (worn)
 U - a +0 kite shield
 X - a +2 hat of intelligence (worn)
   (You took it off Gastronok on level 11 of the Dungeon)
 Z - the +3 scale mail of the Hidden Vale (worn) {rF+}
   (You bought it in a shop on level 10 of the Dungeon)

   rF:        It protects you from fire.
Jewellery
 b - a ring of see invisible
 p - a ring of resist corrosion
 s - an amulet of regeneration (around neck)
   (You found it on level 3 of the Dungeon)
 t - a ring of poison resistance
 u - a ring of willpower
   (You found it on level 9 of the Dungeon)
 E - a +4 ring of slaying (right hand)
   (You found it on level 5 of the Dungeon)
 I - the ring "Dykkiott" {rC+++ Will- MP+9 SInv}
   (You found it on level 10 of the Dungeon)

   [ring of see invisible]

   rC:        It renders you almost immune to cold.
   MP:        It affects your magic capacity (+9).
   SInv:      It lets you see invisible.
   Will:      It decreases your willpower.
 P - a +4 ring of protection (left hand)
   (You found it on level 8 of the Dungeon)
Wands
 C - a wand of flame (19)
Scrolls
 d - a scroll of enchant armour
 i - 5 scrolls of teleportation
 j - 4 scrolls of identify
 l - 3 scrolls of immolation
 y - a scroll of brand weapon
 N - a scroll of blinking
 O - 2 scrolls of noise
 R - 5 scrolls of fear
 S - 3 scrolls of vulnerability
 T - 2 scrolls of poison
 W - a scroll of fog
 Y - 3 scrolls of enchant weapon
Potions
 c - a potion of ambrosia
 g - a potion of heal wounds
 h - 9 potions of curing
 m - 2 potions of flight
 o - 2 potions of brilliance
 r - 4 potions of berserk rage
 v - 3 potions of mutation
 w - 3 potions of haste
 z - 3 potions of magic
 B - 4 potions of attraction
 D - a potion of resistance
 H - a potion of cancellation


   Skills:
 + Level 9.0 Fighting
 + Level 14.2 Axes
 + Level 8.4 Armour
 - Level 3.0 Dodging
 - Level 2.0 Stealth
 + Level 6.6 Shields
 + Level 8.3 Invocations


You had 11 spell levels left.
You didn't know any spells.
Your spell library contained the following spells:

 Spells                   Type           Power      Damage    Failure   Level
 Sublimation of Blood     Necr           0%         N/A       82%         2
 Gell's Gravitas          Tloc           0%         N/A       96%         3
 Lesser Beckoning         Tloc           0%         N/A       96%         3
 Teleport Other           Tloc           0%         N/A       96%         3
 Petrify                  Tmut/Erth      0%         N/A       100%        4
 Irradiate                Conj/Tmut      0%         3d11      100%        5


Dungeon Overview and Level Annotations

Branches:
Dungeon (11/15)            Temple (1/1) D:5            Lair (3/5) D:11
    Orc (0/2) D:11
  Swamp: Lair:2-3    Shoals: Lair:2-3     Snake: Lair:2-3    Spider: Lair:2-3

Altars:
Ashenzari
Cheibriados
Dithmenos
Fedhas
Gozag
Hepliaklqana
Kikubaaqudgha
Makhleb
Nemelex Xobeh
Okawaru
Qazlal
Ru
Sif Muna
Trog
Uskayaw
Vehumet
Wu Jian
Xom
Yredelemnul

Shops:
D:2 =   D:7 =   D:10 [

Annotations:
D:1 come back with digging
D:3 1 runed translucent door, cforsyth's ghost, amateur DrTm
D:6 3 runed translucent doors, Dordric's ghost, novice KoBe
D:9 exclusions: door and 1 more exclusion, Erolcha
D:11 come back with digging
Lair:3 Urug


Innate Abilities, Weirdness & Mutations

You have hoof-like feet.
You are mostly covered in large bone plates. (SH +6)
You are mostly covered in sharp spines.
You regenerate magic rapidly.


Message History

You feel much better.
Urug is struck by lightning.
You block Urug's attack.
You closely miss Urug.
Urug is heavily wounded.
Urug is struck by lightning.
You block Urug's attack.
The dream sheep ruffle their wool and motes of dream dust sparkle, to no effect.
Aiming: Upheaval
Press: ? - help, Dir - move target, f - fungus
Aim: a fungus The ground shakes violently, spewing rubble!
The blast of rubble hits the fungus!!
The fungus begins to die.
The fungus is lightly damaged.
The blast of rubble hits Urug.
Urug is severely wounded.
You block Urug's attack. Urug hits you with a +2 great mace!
* * * LOW HITPOINT WARNING * * *
A basilisk comes into view.
Unknown command.
You closely miss Urug.
Urug is severely wounded.
Urug is struck by lightning.
You block Urug's attack.
The dream sheep bites the fungus!
The dream sheep bites the fungus.
You hit Urug but do no damage.
Urug is severely wounded.
You block Urug's attack.
Aiming: Upheaval
Press: ? - help, Dir - move target, f/p - fungus
Aim: a fungus (lightly damaged, withering away)
The ground shakes violently, spewing rubble!
The blast of rubble hits the fungus!
The fungus is moderately damaged.
The storm surrounding you is now too weak to repel missiles.
You will no longer adapt resistances upon receiving elemental damage.
You block Urug's attack.
The dream sheep bites the fungus.
The dream sheep shake their wool and sparkle.
You feel drowsy...
You fall asleep.
The dream sheep is engulfed in blazing flames.
The dream sheep bites the fungus!
Urug is struck by your spines. Urug hits you with a +2 great mace!!!!
Ouch! That really hurt!
You die...

#.#.........♣♣
.#####..........♣♣ ♣##
..P##............♣ ♣♣♣ ....
.................♣♣♣.♣♣.Y.#.
...........................#
......##.###...#.#Y.......##
.............<°○.PY##......#
......P.........☼oYY......P#
...............#@#.....o..P.
...............°.#..P.......
...............#.#.....#####
......#........#.+..#.##
....................#..#
............. .....# ## ...
...P. ....#


You could see Urug (berserk) and 4 dream sheep.

Vanquished Creatures
  Gastronok (D:11)
  A hydra (Lair:2)
  A boulder beetle (D:11)
  5 death yaks (Lair:1)
  Sonja (D:10)
  6 elephants (Lair:1)
  5 cane toads
  A kobold demonologist (D:10)
  2 rime drakes (Lair:1)
  4 komodo dragons
  2 trolls
  A polar bear (Lair:3)
  5 dream sheep (Lair:2)
  24 yaks
  A wyvern (Lair:2)
  Eustachio (D:6)
  4 basilisks
  3 steam dragons
  Edmund (D:6)
  3 acid dragons
  7 vampire mosquitoes (Lair:3)
  5 water moccasins
  Duvessa (D:7)
  3 ice beasts
  2 sky beasts
  6 orc warriors
  2 ogres
  4 black bears
  6 centaurs (D:11)
  A wolf (D:8)
  4 kobold brigands
  10 bullfrogs
  A necrophage (D:8)
  6 gnoll sergeants
  5 scorpions
  11 wights
  Dowan (D:7)
  6 killer bees (D:9)
  7 howler monkeys
  3 electric eels (D:11)
  A crimson imp (D:4)
  4 hounds
  An iron imp (D:10)
  2 jellies
  A gnoll bouda (D:8)
  5 orc priests
  12 orc wizards
  5 iguanas
  26 gnolls
  4 adders
  A white imp (D:4)
  2 ufetubi
  2 worms
  5 dart slugs
  26 orcs
  4 endoplasms
  5 giant cockroaches
  3 goblins
  7 hobgoblins
  7 jackals
  21 kobolds
  6 quokkas
  7 ball pythons
  3 bats
  A frilled lizard (D:3)
  4 rats
  14 fungi
  17 plants
359 creatures vanquished.

Notes
Turn   | Place    | Note
-------+----------+-------------------------------------------
     0 | D:1      | jfcaron the Demonspawn Monk began the quest for the Orb.
     0 | D:1      | Reached XP level 1. HP: 18/18 MP: 1/1
   213 | D:1      | Found a faded altar of an unknown god.
   302 | D:1      | Reached skill level 3 in Axes
   302 | D:1      | Gained mutation: You are partially covered in large bone
                  | plates. (SH +4) [demonic ancestry]
   302 | D:1      | Reached XP level 2. HP: 24/24 MP: 2/2
   397 | D:1      | Gained mutation: You have large cloven feet. [demonic
                  | ancestry]
   397 | D:1      | Reached XP level 3. HP: 25/29 MP: 3/3
   849 | D:2      | Identified 2 scrolls of acquirement
   849 | D:2      | Acquired a +3 morningstar of protection
   913 | D:2      | Found Xikaher's Jewellery Boutique.
   913 | D:2      | Found an iron altar of Okawaru.
   993 | D:2      | You fall into a shaft and drop 1 floor!
  1149 | D:3      | Reached XP level 4. HP: 28/36 MP: 4/4
  1215 | D:3      | Noticed cforsyth's ghost (amateur DrTm)
  1220 | D:3      | Found a runed translucent door.
  1715 | D:3      | Identified the +6 dagger of the Common Good {vamp, +Blink}
  2161 | D:3      | Reached skill level 4 in Axes
  2276 | D:4      | Acquired 517 gold pieces
  2449 | D:4      | Noticed a scorpion
  2456 | D:4      | Killed a scorpion
  2457 | D:4      | Reached XP level 5. HP: 42/42 MP: 5/5
  2512 | D:4      | Noticed a black bear
  2529 | D:4      | Killed a black bear
  2530 | D:4      | Reached skill level 5 in Axes
  2530 | D:4      | Gained mutation: You are partially covered in sharp spines.
                  | [demonic ancestry]
  2530 | D:4      | Reached XP level 6. HP: 49/49 MP: 6/6
  2732 | D:4      | Reached skill level 5 in Fighting
  2815 | D:4      | Reached skill level 6 in Axes
  2815 | D:4      | Reached XP level 7. HP: 45/56 MP: 7/7
  3351 | D:4      | Found an iron altar of Okawaru.
  3397 | D:5      | Entered Level 5 of the Dungeon
  3754 | D:5      | Reached skill level 7 in Axes
  3767 | D:5      | Reached skill level 1 in Armour
  3826 | D:5      | Found a staircase to the Ecumenical Temple.
  3838 | Temple   | Entered the Ecumenical Temple
  4384 | D:6      | Gained mutation: You are mostly covered in large bone
                  | plates. (SH +6) [demonic ancestry]
  4384 | D:6      | Reached XP level 8. HP: 56/62 MP: 8/8
  4797 | D:6      | Found a runed translucent gate.
  4798 | D:6      | Found a runed translucent gate.
  4800 | D:6      | Found a runed translucent gate.
  4801 | D:6      | Noticed Dordric's ghost (novice KoBe)
  4827 | D:6      | Noticed Edmund
  4838 | D:6      | Killed Edmund
  4986 | D:6      | Noticed Eustachio
  5013 | D:6      | Killed Eustachio
  5025 | D:6      | Reached skill level 8 in Axes
  5025 | D:6      | Reached skill level 5 in Armour
  5057 | D:6      | Found a broken altar of Ashenzari.
  5613 | D:7      | Reached skill level 9 in Axes
  5613 | D:7      | Gained mutation: You have hoof-like feet. [demonic
                  | ancestry]
  5613 | D:7      | Reached XP level 9. HP: 68/68 MP: 9/9
  5764 | D:7      | Found Yromnit's Jewellery Shoppe.
  5814 | D:7      | Reached skill level 10 in Axes
  5938 | D:7      | Found a bloodstained altar of Trog.
  5998 | D:7      | Noticed Duvessa
  5998 | D:7      | Noticed Dowan
  6007 | D:7      | Killed Duvessa
  6013 | D:7      | Killed Dowan
  6215 | D:8      | Reached skill level 11 in Axes
  6345 | D:8      | Reached skill level 1 in Shields
  6376 | D:8      | Gained mutation: You are mostly covered in sharp spines.
                  | [demonic ancestry]
  6376 | D:8      | Reached XP level 10. HP: 74/74 MP: 10/10
  6569 | D:8      | Found a sparkling altar of Nemelex Xobeh.
  6615 | D:8      | Found Vaphaes's Magic Scroll Shop.
  6626 | D:8      | Bought a scroll of fear for 60 gold pieces
  6626 | D:8      | Bought a scroll of teleportation for 45 gold pieces
  6626 | D:8      | Bought a scroll of vulnerability for 60 gold pieces
  6626 | D:8      | Bought a scroll of fear for 60 gold pieces
  6626 | D:8      | Bought 3 scrolls of identify for 90 gold pieces
  6626 | D:8      | Bought a scroll of poison for 60 gold pieces
  6688 | D:8      | Identified the +7 whip of Anxiety {drain, rC+ rN+ Will-
                  | Str+3}
  6968 | D:8      | Found a hide-covered altar of Uskayaw.
  7394 | D:9      | Found a blossoming altar of Fedhas.
  7434 | D:9      | Reached skill level 12 in Axes
  7568 | D:9      | Found an ornate altar of the Wu Jian Council.
  7682 | D:9      | Noticed a cyclops
  7682 | D:9      | Noticed Erolcha
  7959 | D:9      | Found a stormy altar of Qazlal.
  7967 | D:9      | Became a worshipper of Qazlal Stormbringer
  7967 | D:9      | Reached * piety under Qazlal
  7967 | D:9      | Reached ** piety under Qazlal
  7973 | D:10     | Entered Level 10 of the Dungeon
  8009 | D:10     | Reached skill level 1 in Invocations
  8048 | D:10     | Identified the ring "Dykkiott" {rC+++ Will- MP+9 SInv}
  8114 | D:10     | Noticed a rust devil
  8225 | D:10     | Found Zaohaok's Antique Armour Shop.
  8351 | D:10     | Found a snail-covered altar of Cheibriados.
  8558 | D:10     | Noticed Sonja
  8575 | D:10     | Killed Sonja
  8576 | D:10     | Reached XP level 11. HP: 60/69 MP: 12/12
  8836 | D:10     | Bought a bronze chain mail for 209 gold pieces
  8836 | D:10     | Identified the +0 chain mail of Eternal Night {*Slow rF+
                  | Str+4 Dex+4} (You bought it in a shop on level 10 of the
                  | Dungeon)
  8839 | D:10     | Bought a jewelled scale mail for 198 gold pieces
  8839 | D:10     | Identified the +3 scale mail of the Hidden Vale {rF+} (You
                  | bought it in a shop on level 10 of the Dungeon)
  9027 | D:11     | Found a staircase to the Lair.
  9059 | D:11     | Noticed a boulder beetle
  9065 | D:11     | HP: 11/81 [boulder beetle (13)]
  9077 | D:11     | Killed a boulder beetle
  9212 | D:11     | Noticed Gastronok
  9227 | D:11     | Killed Gastronok
  9277 | D:11     | Reached skill level 13 in Axes
  9473 | D:11     | Found a staircase to the Orcish Mines.
 10091 | D:11     | Reached *** piety under Qazlal
 10548 | Lair:1   | Entered Level 1 of the Lair of Beasts
 10933 | Lair:1   | Noticed a death yak
 10935 | Lair:1   | Noticed a death yak
 10935 | Lair:1   | Noticed a death yak
 10939 | Lair:1   | Noticed a death yak
 10940 | Lair:1   | Noticed a death yak
 10992 | Lair:1   | Killed a death yak
 10993 | Lair:1   | Reached skill level 5 in Invocations
 11000 | Lair:1   | Killed a death yak
 11006 | Lair:1   | Reached skill level 5 in Shields
 11028 | Lair:1   | Killed a death yak
 11039 | Lair:1   | Killed a death yak
 11052 | Lair:1   | Killed a death yak
 11056 | Lair:1   | Gained mutation: You regenerate magic rapidly. [demonic
                  | ancestry]
 11056 | Lair:1   | Reached XP level 12. HP: 68/92 MP: 16/16
 11410 | Lair:1   | Reached skill level 14 in Axes
 12875 | Lair:2   | Noticed a seven-headed hydra
 12886 | Lair:2   | Killed a seven-headed hydra
 12886 | Lair:2   | Reached **** piety under Qazlal
 13699 | Lair:3   | Noticed Urug
 13715 | Lair:3   | HP: 14/95 [Urug/+2 great mace (28)]
 13722 | Lair:3   | Annihilated by Urug

Illustrated notes

Levels and vault maps discovered:
D:1:      evilmike_arrival_come_back, layout_basic,
          dreamdust_ecumenical_altar_grove, minmay_tromino_v4_a
D:2:      layout_rooms, basic_altar, serial_shops, shop, nicolae_eternal_life
D:3:      layout_loops_ring, hellmonk_ghost_happy_afterlife
D:4:      layout_basic, zin_academy, hellmonk_okawaru_the_only_friend_you_need,
          mrwooster_statue_mirror, kennysheep_diamond, st_stairs_10,
          minmay_fire_ice_demons
D:5:      layout_basic, temple_green
D:6:      layout_loops_corners, mainiacjoe_overflow_brackets,
          gammafunk_ghost_split, uniq_eustachio, uniq_edmund
D:7:      dreamdust_elfheim, layout_gridville, trog_butcher_becter,
          serial_shops, shop, kennysheep_generic_room_14
D:8:      layout_cave_pools, mainiacjoe_overflow_small_starburst,
          nemelex_xobeh_ov_fountains_minmay, serial_gnoll_camp,
          gnoll_camp_mini_hut, gnoll_camp_mini_loothouse, gnoll_camp_medium_01,
          gnoll_camp_mini_hut, gnoll_camp_mini_shop
D:9:      layout_roguey, nicolae_wu_jian_wuxing_cycle, fedhas_altar_2,
          mainiacjoe_overflow_boulevard, chequers_serial_rivers_micro_e,
          kennysheep_generic_room_9, uniq_erolcha
D:10:     layout_big_octagon, slow_altar_1, mainiacjoe_overflow_alcove_4,
          serial_shops, shop, serial_column_ruins, column_ruins_circle_medium,
          column_ruins_square_medium, column_ruins_open_small,
          column_ruins_open_small, column_ruins_grid_1,
          column_ruins_columns_straight, uniq_sonja
D:11:     layout_layer_cave, grunt_lair_entry_orc_guard_hut, orc_0_dummy,
          hive_lemuel, uniq_gastronok
Temple:   grunt_temple_mini_profane
Lair:1:   layout_layer_cave, grunt_megastairs_4
Lair:2:   layout_concentric_octagons, chequers_serial_rivers_micro_c,
          chequers_serial_rivers_room_a
Lair:3:   statuecave_lemuel, layout_chaotic_city, minmay_swamp_entry_swarm,
          minmay_snake_entry_guardpost_medium, grunt_forest_stairs_basic,
          uniq_urug

Skill      XL: |  1  2  3  4  5  6  7  8  9 10 11 12 |
---------------+-------------------------------------+-----
Axes           | 3 4 5 6 7 9 11 12 13 14 | 14.2
Stealth        | 2 |  2.0
Dodging        | 3 |  3.0
Fighting       | 4 5 6 7 9 |  9.0
Armour         | 2 5 6 7 8 |  8.4
Shields        | 1 3 5 6 |  6.6
Invocations    | 2 5 8 |  8.3

Action                   |  1- 3 |  4- 6 |  7- 9 | 10-12 || total
-------------------------+-------+-------+-------+-------++-------
Melee: Hand axe          |    67 |       |       |       ||    67
       Morningstar       |    21 |    82 |   207 |   454 ||   764
       Kick              |    14 |    19 |       |       ||    33
       Punch             |       |     5 |       |       ||     5
       War axe           |       |       |       |   103 ||   103
Throw: Dart              |    42 |    25 |    14 |    18 ||    99
       Stone             |    16 |    26 |    30 |    39 ||   111
       Boomerang         |       |     4 |    98 |   117 ||   219
Invok: Upheaval          |       |       |       |     2 ||     2
Evoke: Wand              |       |       |       |     7 ||     7
  Use: Scroll            |     1 |     1 |     8 |    17 ||    27
       Potion            |       |       |     1 |     4 ||     5
 Stab: Sleeping          |     3 |       |       |       ||     3
Armor: Robe              |     4 |       |       |       ||     4
       Ring mail         |    11 |       |       |       ||    11
       Scale mail        |     3 |    51 |       |   163 ||   217
       Plate armour      |       |     9 |   135 |   125 ||   269
Dodge: Dodged            |    48 |    41 |    45 |   141 ||   275
Block: Other             |     9 |    15 |    32 |       ||    56
       Buckler           |       |       |    10 |   419 ||   429

Table legend: (Time is in decaauts)
 A = Elapsed time spent in this place.
 B = Non-inter-level travel time spent in this place.
 C = Inter-level travel time spent in this place.
 D = Time resting spent in this place.
 E = Time spent auto-exploring this place.
 F = Levels seen in this place.
 G = Mean time per level.
                   A        B        C        D        E       F      G
               +--------+--------+--------+--------+--------+-----+--------+
         Total |  13997 |  13208 |    789 |   1126 |   9428 |  15 |  933.1 |
       Dungeon |  10591 |   9902 |    689 |    877 |   6920 |  11 |  962.8 |
        Temple |    209 |    185 |     24 |      0 |    183 |   1 |  209.0 |
          Lair |   3195 |   3119 |     76 |    249 |   2325 |   3 | 1065.0 |
               +--------+--------+--------+--------+--------+-----+--------+

Top non-repeatable levels by time:
  Lair:1: 1781 daAuts
    D:11: 1717 daAuts
  Lair:2: 1318 daAuts
     D:4: 1200 daAuts
     D:6: 1082 daAuts
     D:8: 958 daAuts
    D:10: 927 daAuts
     D:9: 859 daAuts
     D:1: 859 daAuts
     D:3: 833 daAuts
     D:7: 807 daAuts
     D:5: 734 daAuts
     D:2: 611 daAuts
  Temple: 209 daAuts
  Lair:3: 95 daAuts

Table legend:
 A = Kills in this place as a percentage of kills in entire the game.
 B = Kills by you in this place as a percentage of kills by you in the entire game.
 C = Kills by friends in this place as a percentage of kills by friends in the entire game.
 D = Other kills in this place as a percentage of other kills in the entire game.
 E = Experience gained in this place as a percentage of experience gained in the entire game.
 F = Experience gained in this place divided by the number of levels of this place that you have seen.
                   A       B       C       D       E      F
               +-------+-------+-------+-------+-------+----------------------
         Total | 100.0 | 100.0 |   N/A |   N/A | 100.0 | 2404.7
       Dungeon |  80.8 |  80.8 |   N/A |   N/A |  46.3 | 1519.4
          Lair |  19.2 |  19.2 |   N/A |   N/A |  53.7 | 6452.7
               +-------+-------+-------+-------+-------+----------------------
